 Dungeon Crawl Stone Soup version 0.27-a0-1154-gfdeffcb720 (webtiles) character file.

Game seed: 18059959244990553935

4196 Azzok the Cleaver (level 10, -7/84 HPs)
             Began as a Gargoyle Berserker on May 14, 2021.
             Was an Elder of Trog.
             Mangled by an orc warrior
             ... wielding a +0 halberd
              (10 damage)
             ... in a bailey.
             The game lasted 00:10:01 (11598 turns).

Azzok the Cleaver (Gargoyle Berserker)             Turns: 11598, Time: 00:10:01

Health: -7/84      AC: 24    Str: 23    XL:     10   Next: 29%
Magic:  10/10      EV:  6    Int:  9    God:    Trog [****..]
Gold:   473        SH:  5    Dex:  9    Spells: 9/9 levels left

rFire    . . .     SeeInvis .   k - +3 spear (vorpal)
rCold    . . .     Faith    .   (no shield)
rNeg     + + .     Spirit   .   i - +0 plate armour
rPois    ∞         Reflect  +   A - +0 helmet
rElec    +         Harm     .   (no cloak)
rCorr    .         Rampage  +   (no gloves)
Will     .....                  c - +0 pair of boots {rampage}
Stlth    ..........             n - amulet of reflection
HPRegen  0.24/turn              w - ring of positive energy
MPRegen  0.12/turn              y - +4 ring of protection

@: berserking (expiring), very quick
A: sickness immunity, AC +7, negative energy resistance 1, electricity
resistance, torment resistance 1, petrification resistance
a: Renounce Religion, Berserk, Trog's Hand, Brothers in Arms


You were in a bailey.
You worshipped Trog.
Trog was greatly pleased with you.
You visited 1 branch of the dungeon, and saw 8 of its levels.
You also visited: Bailey.

You collected 473 gold pieces.

Inventory:

Hand Weapons
 a - a +0 hand axe
 k - a +3 vorpal spear (weapon)
Armour
 c - a +0 pair of boots of rampaging (worn)
 i - a +0 plate armour (worn)
 A - a +0 helmet (worn)
Jewellery
 n - an amulet of reflection (around neck)
 w - a ring of positive energy (left hand)
 y - a +4 ring of protection (right hand)
Wands
 m - a wand of polymorph (5)
 v - a wand of charming (8)
 x - a wand of flame (17)
Scrolls
 b - 2 scrolls of teleportation
 j - 2 scrolls of silence
 q - 3 scrolls of enchant armour
 z - a scroll of fear
Potions
 d - a potion of attraction {unknown}
 e - 3 potions of heal wounds {unknown}
 f - 3 potions of flight {unknown}
 g - 2 potions of brilliance {unknown}
 h - 5 potions of curing {unknown}
 o - a potion of berserk rage {unknown}
 r - a potion of haste {unknown}


   Skills:
 - Level 3.2 Fighting
 + Level 13.2 Axes
 - Level 2.1 Armour
 - Level 1.5 Dodging


You had 9 spell levels left.
You didn't know any spells.
Your spell library was empty.

Dungeon Overview and Level Annotations

Branches:
Dungeon (8/15)             Temple (0/1) D:7          Bailey (1/1)
   Lair: D:8-11

Altars:
Ashenzari
Cheibriados
Elyvilon
Fedhas
Hepliaklqana
Nemelex Xobeh
Xom
Yredelemnul
The Shining One

Annotations:
D:3 2 transporters, ma3's ghost, amateur TrMo


Innate Abilities, Weirdness & Mutations

You are immune to sickness and miasma.
Your stone body is resilient. (AC +7)
You are immune to poison.
You resist negative energy. (rN+)
You are resistant to electric shocks. (rElec)
You are resistant to unholy torment.
You are immune to petrification.


Message History

The orc knight is moderately wounded.
You block the orc warrior's attack.
The orc knight hits you but does no damage.
You hit the orc knight but do no damage.
The orc knight is lightly wounded.
You hit the orc knight.
The orc knight is moderately wounded.
The orc warrior hits you from afar with a +0 halberd!
The orc knight hits you with the +7 battleaxe "Araqophe" {vamp, rElec rC++ Str+4}.
You closely miss the orc knight.
The orc knight is moderately wounded.
You closely miss the orc knight.
The orc knight is moderately wounded.
You hit the orc knight but do no damage.
The orc knight is moderately wounded.
The orc warrior hits you from afar with a +0 halberd.
The orc knight hits you with the +7 battleaxe "Araqophe" {vamp, rElec rC++ Str+4}!
* * * LOW HITPOINT WARNING * * *
You hit the orc knight.
The orc knight is moderately wounded.
You hit the orc knight but do no damage.
The orc knight is moderately wounded.
The orc warrior hits you from afar with a +0 halberd.
* * * LOW HITPOINT WARNING * * *
You rampage towards the orc warrior!
You hit the orc warrior but do no damage.
The orc warrior is almost dead.
You hit the orc warrior but do no damage.
The orc warrior is almost dead.
The orc warrior hits you with a +0 halberd!!
* * * LOW HITPOINT WARNING * * *
You block the orc knight's attack.
You closely miss the orc warrior.
The orc warrior is almost dead.
You barely miss the orc warrior.
The orc warrior is almost dead.
You closely miss the orc warrior.
The orc warrior is almost dead.
The orc warrior hits you with a +0 halberd!
You die...

▒▒▒··≈≈··▒▒▒··≈≈··▒▒▒▒▒▒▒▒▒▒
····≈≈··▒▒ ▒▒··≈≈··········▒
≈≈≈≈≈··▒▒·∩·▒▒··≈≈≈≈≈≈≈≈≈≈·▒
······▒▒·····▒▒·········)≈·▒
▒▒▒▒▒▒'▒▒▒╬▒▒▒▒▒▒▒▒▒▒▒▒▒)≈·▒
▒▒·····§···▒▒· ▒▒·≈·▒
▒▒··≈≈≈§§§≈·§'▒ ▒▒··≈·▒ ▒
▒▒··§≈)···§≈§·o▒▒ ▒▒·)≈≈·▒ ▒
▒··§§··⌠∩⌠··≈§@·▒ ▒··≈≈·▒▒
▒╬▒··§≈··§⌠···≈§·o▒ ▒··≈≈·∩▒
▒·▒▒§§≈≈·§···≈≈··▒▒ ▒▒··≈≈·▒
···▒▒··≈≈§≈≈≈≈··▒▒ ▒▒··≈·▒
····'▒·§·§·····▒▒·$$$·▒▒)≈·▒
▒▒▒▒▒▒▒▒▒▒'▒▒▒▒▒▒▒▒▒▒▒▒▒·≈·▒
······▒▒·····▒ ▒▒▒▒▒)·≈·▒
≈≈≈≈≈··▒▒·)[▒▒▒▒▒▒▒≈≈≈≈≈≈≈·▒
····≈≈··▒▒·▒▒···▒▒·········▒


You could see an orc knight and an orc warrior (strong).

Vanquished Creatures
  An orc knight (Bailey)
  A manticore (D:6)
  A shadow (D:7)
  A wyvern (D:6)
  Menkaure (D:6)
  A water moccasin (D:6)
  A black bear (D:6)
  4 orc warriors (Bailey)
  2 ice beasts
  2 ogres
  2 necrophages
  4 centaurs
  A phantom (D:5)
  5 scorpions
  A bullfrog (D:6)
  A wyvern zombie (D:7)
  A gnoll sergeant (D:6)
  5 killer bees
  3 wights (D:7)
  2 howler monkeys
  A bullfrog zombie (D:7)
  3 jellies
  An orc priest (D:5)
  A gnoll shaman (D:4)
  2 bullfrog skeletons (D:5)
  A hound (D:7)
  4 iguanas
  3 orc wizards
  2 killer bee zombies
  A hound zombie (D:5)
  7 gnolls
  11 adders
  2 shadow imps (D:7)
  A white imp (D:7)
  2 ufetubi
  An adder skeleton (D:4)
  5 worms
  3 dart slugs
  23 orcs
  10 endoplasms
  4 giant cockroaches
  10 goblins
  13 hobgoblins
  2 jackals (D:1)
  3 quokkas
  8 ball pythons
  6 bats
  9 frilled lizards
  5 kobolds
  3 rats
  A spectral goblin (D:7)
188 creatures vanquished.

Vanquished Creatures (others)
  An ogre (D:7)
  A bullfrog (D:7)
  A hound (D:7)
  An orc wizard (D:7)
  6 plants (D:3)
10 creatures vanquished.

Grand Total: 198 creatures vanquished

Notes
Turn   | Place    | Note
-------+----------+-------------------------------------------
     0 | D:1      | Azzok the Gargoyle Berserker began the quest for the Orb.
     0 | D:1      | Reached XP level 1. HP: 14/14 MP: 1/1
   185 | D:1      | Reached skill level 3 in Axes
   189 | D:1      | Reached XP level 2. HP: 10/19 MP: 2/2
   712 | D:1      | Reached ** piety under Trog
   713 | D:1      | Reached XP level 3. HP: 22/23 MP: 3/3
   964 | D:1      | Reached skill level 4 in Axes
  1035 | D:1      | Found a faded altar of an unknown god.
  1662 | D:2      | Noticed a scorpion
  1682 | D:2      | Killed a scorpion
  1683 | D:2      | Reached skill level 5 in Axes
  1683 | D:2      | Reached XP level 4. HP: 7/28 MP: 4/4
  1683 | D:2      | Reached XP level 5. HP: 8/32 MP: 5/5
  2588 | D:3      | Found a basalt altar of Yredelemnul.
  2590 | D:3      | Noticed a profane servitor
  2925 | D:3      | Found a transporter.
  2935 | D:3      | Noticed ma3's ghost (amateur TrMo)
  2941 | D:3      | Identified the +0 scale mail of Absolutism {Int+7 Slay+3}
  2941 | D:3      | Identified the +8 kite shield "Juywnyha" {Harm rElec}
  2982 | D:3      | Found a transporter.
  3178 | D:3      | Found a snail-covered altar of Cheibriados.
  3285 | D:3      | Reached *** piety under Trog
  3343 | D:3      | Reached XP level 6. HP: 13/37 MP: 6/6
  3643 | D:3      | Found a glowing golden altar of the Shining One.
  3925 | D:3      | Found a blossoming altar of Fedhas.
  3994 | D:3      | Noticed an angel
  4050 | D:4      | Reached skill level 6 in Axes
  4684 | D:4      | Noticed a necrophage
  4697 | D:4      | Killed a necrophage
  4701 | D:4      | Reached skill level 7 in Axes
  4701 | D:4      | Reached XP level 7. HP: 35/41 MP: 7/7
  4946 | D:5      | Entered Level 5 of the Dungeon
  5472 | D:5      | Reached skill level 8 in Axes
  6268 | D:5      | Reached **** piety under Trog
  6269 | D:5      | Reached XP level 8. HP: 46/46 MP: 8/8
  6469 | D:6      | Reached skill level 9 in Axes
  6941 | D:6      | Found a broken altar of Ashenzari.
  7578 | D:6      | Reached skill level 10 in Axes
  8103 | D:7      | Found a staircase to the Ecumenical Temple.
  8145 | D:7      | Noticed a wyvern
  8179 | D:6      | Killed a wyvern
  8180 | D:6      | Reached XP level 9. HP: 11/51 MP: 9/9
  8547 | D:6      | Reached skill level 11 in Axes
  8586 | D:7      | Found a shimmering altar of Xom.
  8764 | D:7      | Found a sparkling altar of Nemelex Xobeh.
  8840 | D:7      | Noticed Menkaure
  8844 | D:7      | Noticed a manticore
  9006 | D:6      | Killed a manticore
  9113 | D:6      | Killed Menkaure
  9494 | D:6      | Reached skill level 12 in Axes
 10016 | D:7      | Found a white marble altar of Elyvilon.
 10101 | D:7      | Found a hazy altar of Hepliaklqana.
 10352 | D:8      | Reached XP level 10. HP: 41/56 MP: 10/10
 10398 | D:8      | Found a flagged portal.
 10532 | Bailey   | Entered a bailey
 10822 | Bailey   | Noticed an orc knight
 10959 | Bailey   | Noticed an orc knight
 11366 | Bailey   | Killed an orc knight
 11367 | Bailey   | Reached skill level 13 in Axes
 11577 | Bailey   | Identified the +7 battleaxe "Araqophe" {vamp, rElec rC++
                  | Str+4}
 11595 | Bailey   | HP: 2/84 [orc warrior/+0 halberd (21)]
 11598 | Bailey   | Mangled by an orc warrior

Illustrated notes

Levels and vault maps discovered:
D:1:      erik_arrival_cave_to_civilisation [erik_arrival_cave_to_hall],
          layout_loops_ring, basic_ecumenical_altar, dk_noncrumbling_2,
          minmay_misc_feat_doors
D:2:      layout_basic, minmay_goblin_kobold_house
D:3:      layout_loops_ring, grunt_temple_overflow_holy_war,
          general_overflow_altar, cheibriados_altar_1,
          gammafunk_ghost_gnarly_gnolls, ebering_dispersal_statue_hall,
          minmay_pentangle
D:4:      layout_gridville, grunt_temple_overflow_bloody_war
D:5:      layout_loops_ring, due_unseen_surprise
D:6:      layout_cave_pods, cheibrodos_ashenzari_chains, dk_noncrumbling_4
D:7:      cheibrodos_fzero, layout_rooms, elyvilon_altar_1, xom_confusion_cloud,
          nicolae_hepliaklqana_monster_ancestors,
          nemelex_xobeh_ov_fountains_minmay, minmay_temple_entry_mini_moons,
          uniq_menkaure
D:8:      layout_basic, serial_shops, shop, enter_bailey_6, minivault_12
Bailey:   bailey_polearm_1, bailey

Skill      XL: |  1  2  3  4  5  6  7  8  9 10 |
---------------+-------------------------------+-----
Axes           | 3 5 7 8 10 12 13 | 13.2
Fighting       | |  3.2
Armour         | |  2.1
Dodging        | |  1.5

Action                   |  1- 3 |  4- 6 |  7- 9 | 10-12 || total
-------------------------+-------+-------+-------+-------++-------
Melee: Hand axe          |   145 |    96 |       |       ||   241
       Spear             |       |   156 |   478 |   128 ||   762
Invok: Berserk           |     2 |     1 |     6 |     2 ||    11
  Use: Scroll            |       |       |     9 |       ||     9
Armor: Animal skin       |    11 |       |       |       ||    11
       Chain mail        |   113 |   177 |   256 |    25 ||   571
       Plate armour      |       |       |       |     5 ||     5
Dodge: Dodged            |    73 |   103 |   154 |    18 ||   348
Block: Other             |       |       |    92 |    15 ||   107
       Reflection        |       |       |     3 |       ||     3

Table legend: (Time is in decaauts)
 A = Elapsed time spent in this place.
 B = Non-inter-level travel time spent in this place.
 C = Inter-level travel time spent in this place.
 D = Time resting spent in this place.
 E = Time spent auto-exploring this place.
 F = Levels seen in this place.
 G = Mean time per level.
                   A        B        C        D        E       F      G
               +--------+--------+--------+--------+--------+-----+--------+
         Total |  11557 |  11385 |    172 |   2152 |   7408 |   9 | 1284.1 |
       Dungeon |  10527 |  10355 |    172 |   1658 |   7076 |   8 | 1315.9 |
        Bailey |   1030 |   1030 |      0 |    494 |    332 |   1 | 1030.0 |
               +--------+--------+--------+--------+--------+-----+--------+

Top non-repeatable levels by time:
     D:6: 2750 daAuts
     D:3: 1548 daAuts
     D:1: 1492 daAuts
     D:5: 1211 daAuts
     D:4: 1153 daAuts
     D:7: 1086 daAuts
  Bailey: 1030 daAuts
     D:2: 1029 daAuts
     D:8: 255 daAuts
